 Dungeon Crawl Stone Soup version 0.18-a0-1426-g3b9a63c (webtiles) character file.

359 Gagarin the Slasher (level 6, -2/52 HPs)
             Began as a Minotaur Gladiator on Feb 27, 2016.
             Slain by Pikel
             ... wielding a +1 whip of freezing
              (6 damage)
             ... on level 4 of the Dungeon.
             The game lasted 00:10:05 (2531 turns).

Gagarin the Slasher (Minotaur Gladiator)            Turns: 2531, Time: 00:10:06

Health: -2/52      AC: 11    Str: 21    XL:     6   Next: 37%
Magic:  5/5        EV:  7    Int:  6    God:
Gold:   96         SH:  0    Dex: 10    Spells: 0 memorised, 5 levels left

rFire  . . .     SeeInvis .     v - -3 falchion (curse)
rCold  . . .     Gourm    .     i - +0 plate armour
rNeg   . . .     Faith    .     (no shield)
rPois  .         Spirit   .     c - +0 hat
rElec  .         Dismiss  .     (no cloak)
rCorr  .         Reflect  .     (no gloves)
SustAt .         Harm     .     (no boots)
MR     .....                    (no amulet)
Stlth  ..........               (no ring)
                                (no ring)

@: not resistant to hostile enchantments, extremely unstealthy
A: retaliatory headbutt, horns 2
a: no special abilities


You were on level 4 of the Dungeon.
You were not hungry.

You visited 1 branch of the dungeon, and saw 4 of its levels.

You collected 96 gold pieces.

Inventory:

Hand Weapons
 a - a +0 long sword
 h - a +2 short sword of freezing
 s - a +2 antimagic long sword
 v - a cursed -3 falchion (weapon)
Missiles
 t - 3 tomahawks (quivered)
Armour
 c - a +0 hat (worn)
 g - the cursed +6 large shield of Ignorance {rN+ AC+2 EV+2 Int-6 *Curse}
   (You found it on level 4 of the Dungeon)

   It affects your AC (+2).
   It affects your evasion (+2).
   It affects your intelligence (-6).
   It protects you from negative energy.
   It may re-curse itself when equipped.
   It has a curse placed upon it.
 i - a +0 plate armour (worn)
Jewellery
 u - a +6 amulet of reflection {unknown}
 w - an uncursed amulet of harm {unknown}
Scrolls
 b - a scroll of immolation
 d - a scroll of fog
 e - a scroll of recharging
 k - 3 scrolls of teleportation
 l - a scroll of amnesia
 m - a scroll of identify
Potions
 q - 3 potions of berserk rage {unknown}
 r - a potion of lignification {unknown}
 x - a potion of haste {unknown}
 z - a potion of agility {unknown}
Comestibles
 f - 2 bread rations
 j - a royal jelly
 n - 2 meat rations
 o - 3 beef jerkies
 p - 3 slices of pizza


   Skills:
 + Level 4.2 Fighting
 + Level 5.6 Long Blades
 + Level 2.0 Throwing
 + Level 3.0 Armour
 + Level 4.7 Dodging
 + Level 1.3 Stealth


You had 5 spell levels left.
You didn't know any spells.

Dungeon Overview and Level Annotations

Branches:
Dungeon (4/15)
 Temple: D:4-7

Altars:
Fedhas
Zin

Annotations:
D:4 Pikel


Innate Abilities, Weirdness & Mutations

You reflexively headbutt those who attack you in melee.
You have a pair of horns on your head.


Message History

Pikel hits you with a whip of freezing. Pikel freezes you.
* * * LOW HITPOINT WARNING * * *
You hit Pikel but do no damage.
Pikel is severely wounded.
The slave hits you but does no damage. The slave hits you.
* * * LOW HITPOINT WARNING * * *
Pikel hits you but does no damage.
You miss Pikel.
Pikel is severely wounded.
The slave hits you but does no damage. The slave completely misses you.
Pikel hits you with a whip of freezing.
* * * LOW HITPOINT WARNING * * *
Pikel freezes you.
* * * LOW HITPOINT WARNING * * *
You slash Pikel!
Pikel is almost dead.
The slave hits you but does no damage. The slave hits you.
* * * LOW HITPOINT WARNING * * *
Pikel hits you with a whip of freezing.
You die...

#.####.....# #.#
###...# #.#
#...## ##.#
#.#..## ...#
#.....## ##.
#### ##.....###
##... #
##.#.).)# ....%
## #.####)#
#..... ...
#.####@##......
.#.
##.##.KppZ......
..#
.....(.p........
#..
................
#
...(.......>....
#
...!............
<......(........
(...............
......(.........


You could see Pikel, 3 slaves and a howler monkey skeleton.

Vanquished Creatures
  An ogre (D:4)
  2 orc priests
  3 orc wizards
  2 adders (D:2)
  An ooze (D:4)
  3 worms (D:2)
  4 dart slugs
  A giant gecko (D:1)
  9 orcs
  3 ball pythons
  8 giant cockroaches
  5 goblins
  7 hobgoblins
  2 quokkas
  10 bats
  2 giant newts
  8 kobolds
  12 rats
83 creatures vanquished.

Notes
Turn   | Place    | Note
--------------------------------------------------------------
     0 | D:1      | Gagarin the Minotaur Gladiator began the quest for the Orb.
     0 | D:1      | Reached XP level 1. HP: 18/18 MP: 0/0
     9 | D:1      | Noticed a swamp worm
     9 | D:1      | Noticed a worker ant
    12 | D:1      | Noticed an anaconda
    12 | D:1      | Noticed a wolf
    45 | D:1      | Reached skill level 4 in Long Blades
   118 | D:1      | Reached XP level 2. HP: 25/25 MP: 1/1
   371 | D:1      | Reached XP level 3. HP: 30/30 MP: 2/2
   801 | D:2      | Found a blossoming altar of Fedhas.
   831 | D:2      | Reached skill level 1 in Armour
   854 | D:2      | Reached XP level 4. HP: 25/37 MP: 3/3
  1226 | D:2      | Reached skill level 5 in Long Blades
  1365 | D:3      | Reached XP level 5. HP: 28/45 MP: 4/4
  1721 | D:3      | Found a glowing silver altar of Zin.
  2215 | D:4      | Noticed an ogre
  2228 | D:4      | Killed an ogre
  2228 | D:4      | Reached skill level 1 in Stealth
  2228 | D:4      | Reached XP level 6. HP: 10/52 MP: 5/5
  2505 | D:4      | Noticed a slave
  2507 | D:4      | Noticed Pikel
  2508 | D:4      | Noticed a slave
  2509 | D:4      | Noticed a slave
  2531 | D:4      | Slain by Pikel

Vault maps used:
D:1:      onia_arrival_zoo_common
D:2:      fedhas_altar_3, kennysheep_nub, minmay_surrounded
D:3:      zin_academy
D:4:      okawaru_altar_gauntlet_db, first_bread, kennysheep_generic_room_6,
          uniq_pikel

Skill      XL: |  1  2  3  4  5  6 |
---------------+-------------------+-----
Long Blades    | 4 5 |  5.6
Dodging        | 4 |  4.7
Armour         | 1 2 3 |  3.0
Fighting       | 3 4 |  4.2
Stealth        | 1 |  1.3
Throwing       | |  2.0

Action                   |  1- 3 |  4- 6 || total
-------------------------+-------+-------++-------
Melee: Long sword        |    60 |    48 ||   108
       Falchion          |       |   104 ||   104
Throw: Throwing net      |       |     3 ||     3
       Tomahawk          |       |     6 ||     6
  Use: Scroll            |       |     8 ||     8
 Stab: Held in net/web   |       |     2 ||     2
  Eat: Chunk             |       |     5 ||     5
